 Dungeon Crawl Stone Soup version 0.29-a0-1023-g6ae1a4a2c7 (webtiles) character file.

Game seed: 11753483315812203496

23354 Newt the Markself (level 12, -12/57 HPs)
             Began as a Deep Elf Enchanter on Aug 11, 2022.
             Was an Elder of Hepliaklqana.
             Killed from afar by Azrael (30 damage)
             ... with damnation
             ... on level 14 of the Dungeon.
             The game lasted 00:37:19 (12058 turns).

Newt the Markself (Deep Elf Enchanter)             Turns: 12058, Time: 00:37:19

Health: -12/57     AC:  9    Str: 10    XL:     12   Next: 71%
Magic:  0/27       EV: 20    Int: 22    God:    Hepliaklqana [****..]
Gold:   856        SH:  6    Dex: 17    Spells: 14/29 levels left

rFire   + . .      SeeInvis +   k - +9 sling of Melee {flame, *Corrode rPois rF+ Str+3}
rCold   . . .      Faith    .   I - +1 buckler {AC+3}
rNeg    . . .      Spirit   +   P - +2 troll leather armour {Snorg}
rPois   +          Reflect  .   B - +2 helmet
rElec   .          Harm     .   q - +0 cloak
rCorr   .          Rampage  .   (no gloves)
Will    +....                   (no boots)
Stlth   ++++......              c - amulet of guardian spirit
HPRegen 0.99/turn               x - +4 ring of evasion
MPRegen 0.20/turn               n - ring of see invisible

@: corroded
A: reduced essence
a: Renounce Religion, Recall Ancestor, Ancestor Identity, Transference, Idealise


You were on level 14 of the Dungeon.
You worshipped Hepliaklqana.
Hepliaklqana was greatly pleased with you.
You visited 1 branch of the dungeon, and saw 15 of its levels.

You collected 1219 gold pieces.
You spent 363 gold pieces at shops.

Inventory:

Hand Weapons
 a - a +1 dagger
 j - a +3 dagger of venom
 k - the +9 sling of Melee (weapon) {flame, *Corrode rPois rF+ Str+3}
   (You found it on level 2 of the Dungeon)

   Any ammunition fired from it burns those it strikes, dealing additional fire
   damage.
   Str:       It affects your strength (+3).
   rF:        It protects you from fire.
   rPois:     It protects you from poison.
   *Corrode:  It may corrode you when you take damage.
Missiles
 u - 2 curare-tipped darts
Armour
 b - a +0 robe
 f - a +0 leather armour
 q - a +0 cloak (worn)
 s - a +1 helmet
 B - a +2 helmet (worn)
 I - a +1 buckler of protection (worn)
 K - a +0 troll leather armour
 P - a +2 troll leather armour (worn) {Snorg}
Jewellery
 c - an amulet of guardian spirit (around neck)
 h - a ring of flight
 n - a ring of see invisible (right hand)
 r - a ring of wizardry
 x - a +4 ring of evasion (left hand)
 E - an amulet of magic regeneration
 O - a ring of resist corrosion
Wands
 m - a wand of paralysis (3)
 A - a wand of flame (7)
 G - a wand of acid (7)
 H - a wand of mindburst (7)
Scrolls
 e - 5 scrolls of amnesia
 g - a scroll of butterflies
 l - a scroll of silence
 w - 3 scrolls of immolation
 y - 3 scrolls of enchant weapon
 C - a scroll of enchant armour
 D - 3 scrolls of teleportation
 F - 7 scrolls of identify
 L - a scroll of fear
 M - a scroll of poison
Potions
 d - a potion of degeneration
 i - 3 potions of brilliance
 o - 2 potions of flight
 p - 2 potions of attraction
 t - 11 potions of curing
 v - 2 potions of might
 z - a potion of heal wounds


   Skills:
 - Level 3.2 Fighting
 - Level 2.0 Short Blades
 - Level 0.2(0.3) Axes
 - Level 0.1(0.2) Maces & Flails
 - Level 0.1(0.2) Polearms
 - Level 0.1(0.3) Staves
 - Level 16.0 Ranged Weapons
 - Level 0.1 Throwing
 - Level 9.1 Dodging
 - Level 8.2 Stealth
 * Level 4.7 Shields
 - Level 0.1 Unarmed Combat
 - Level 9.2 Spellcasting
 - Level 0.2 Conjurations
 - Level 8.1 Hexes
 - Level 0.2 Summonings
 - Level 0.4 Necromancy
 - Level 0.2 Translocations
 - Level 6.5 Transmutations
 - Level 0.2 Fire Magic
 - Level 4.9 Ice Magic
 - Level 0.1 Air Magic
 - Level 0.2 Earth Magic
 - Level 6.5 Poison Magic
 - Level 0.3 Invocations
 - Level 0.4 Evocations


You had 14 spell levels left.
You knew the following spells:

 Your Spells              Type           Power      Damage    Failure   Level
a - Ensorcelled Hibernat  Hex/Ice        78%        N/A       1%          2
b - Tukima's Dance        Hex            46%        N/A       1%          3
c - Dazzling Flash        Conj/Hex       56%        N/A       6%          3
d - Olgreb's Toxic Radia  Pois           38%        N/A       8%          4
e - Ignite Poison         Fire/Tmut/Pois 29%        N/A       6%          3

Your spell library contained the following spells:

 Spells                   Type           Power      Damage    Failure   Level
 Confusing Touch          Hex            46%        N/A       1%          3
 Passwall                 Tmut/Erth      20%        N/A       4%          2
 Necrotise                Necr           44%        1d6       10%         1
 Apportation              Tloc           22%        N/A       11%         1
 Summon Small Mammal      Summ           44%        N/A       11%         1
 Yara's Violent Unravell  Hex/Tmut       21%        3d10      16%         5
 Conjure Flame            Conj/Fire      11%        6-21      32%         3
 Stone Arrow              Conj/Erth      22%        3d8       32%         3
 Silence                  Hex/Air        14%        N/A       52%         5
 Animate Armour           Summ/Erth      22%        N/A       71%         4
 Passage of Golubria      Tloc           11%        N/A       71%         4
 Sticky Flame             Conj/Fire      11%        2d3       71%         4
 Enfeeble                 Hex            23%        N/A       98%         7
 Lehudib's Crystal Spear  Conj/Erth      5%         10d3      100%        8


Dungeon Overview and Level Annotations

Branches:
Dungeon (15/15)            Temple (0/1) D:7            Lair (0/5) D:10
    Orc (0/2) D:9
 Vaults: D:13-14     Depths: D:15

Altars:
Ashenzari
Hepliaklqana
Wu Jian
Yredelemnul
The Shining One
Jiyva

Shops:
D:1 (   D:5 [   D:8 *   D:10 *   D:13 ?(((*

Portals:
Trove: D:11 (give +5 ice dragon scales)

Annotations:
D:8 2 transporters
D:14 Azrael


Message History

The hell hound breathes flames at you. The blast of flame hits you. You resist.
The boggart gestures wildly while chanting.
The deep elf pyromancer attacks as you move away!
The deep elf pyromancer misses you.
The hell hound attacks as you move away!
The hell hound completely misses you.
The boggart casts a spell.
The boggart gestures wildly while chanting.
The deep elf pyromancer gestures at you while chanting.
The bolt of fire hits you! You resist. The hell hound breathes flames at you.
The blast of flame hits you. You resist.
The deep elf pyromancer gestures at you while chanting.
The sticky flame hits you but does no damage.
You are covered in liquid flames!
You are covered in liquid flames!
The deep elf pyromancer casts a spell at you.
The bolt of fire misses the hell hound.
The bolt of fire hits the hell hound.
The hell hound completely resists.
The bolt of fire hits you. You resist.
You are covered in liquid flames!
Your corrosive artefact corrodes you!
The boggart casts a spell.
The deep elf pyromancer casts a spell.
The deep elf pyromancer blinks!
Unknown command.
You are covered in liquid flames!
The hell hound closely misses you.
The hell hound attacks as you move away!
The hell hound bites you.
You are covered in liquid flames!
The hell hound breathes flames at you. The blast of flame hits you. You resist.
Azrael gestures at you.
The sphere of damnation explodes!
The damnation engulfs you!
* * * LOW HITPOINT WARNING * * *
The boggart casts a spell.
Azrael gestures at you.
The sphere of damnation explodes!
The damnation engulfs you!!
Ouch! That really hurt!
You die...

##### ...gJJJ.# #...#
...J$.#.E #...# .....
### #...####### .#
g... #
#.........#######...#
... #
#...#####............
.. # #...# ##....###.
# .. ##.## ####.##
>.# ### #.# #.@# ..#
# #.# ##.# ..# # #[#
#h## #°#### #.######
#h.# #....# #......##
##g# #R...#
######..## #.###)R..#
##..# #.R#.....# ##.#
##.○.....# .
########.###
#geR†#.## #.


You could see Azrael, 2 hell hounds and a boggart.

Vanquished Creatures
  Snorg (D:12)
  Erolcha (D:9)
  A centaur warrior (D:14)
  Lodul (D:12)
  A salamander (shapeshifter) (D:13)
  An orc knight (D:15)
  3 cyclopes
  2 manticores
  An ugly thing (D:12)
  Maggie (D:9)
  4 trolls
  A wraith (D:9)
  A wyvern (D:7)
  A water elemental (D:13)
  11 yaks
  2 shadows
  4 vampires
  A dancing weapon (D:8)
  9 vampire mosquitoes
  An acid dragon (D:12)
  2 orc warriors
  An ice beast (D:7)
  5 ogres
  2 wolves (D:10)
  10 centaurs
  3 kobold brigands
  3 bullfrogs
  3 scorpions
  3 necrophages
  7 wights
  16 killer bees
  5 electric eels (D:13)
  4 howler monkeys
  4 jellies
  A gnoll bouda (D:5)
  5 orc priests
  A hound (D:6)
  2 iguanas
  8 orc wizards
  Robin (D:2)
  6 adders
  8 gnolls
  A shadow imp (D:7)
  2 ufetubi
  4 worms (D:2)
  3 dart slugs
  18 orcs
  15 endoplasms
  6 giant cockroaches
  12 goblins
  9 hobgoblins
  4 jackals (D:4)
  14 kobolds
  4 quokkas
  4 ball pythons
  4 bats (D:1)
  5 rats
253 creatures vanquished.

Vanquished Creatures (collateral kills)
  2 hydras
  A centaur warrior (D:14)
  A two-headed ogre (D:9)
  A deep elf pyromancer (D:12)
  An orc knight (D:10)
  3 manticores
  An ugly thing (D:11)
  A troll (D:12)
  A wolf spider simulacrum (D:14)
  A slime creature (D:14)
  A wraith (D:13)
  A culicivora (shapeshifter) (D:14)
  A wyvern (D:9)
  2 vampires
  Grum (D:10)
  6 yaks
  2 vampire mosquitoes (D:11)
  An orc warrior (D:7)
  4 ogres
  A wolf (D:10)
  A wight (D:7)
  5 killer bees
  A howler monkey (D:7)
  6 orcs
46 creatures vanquished.

Vanquished Creatures (others)
  A vault guard (D:14)
  9 dancing weapons
  4 knights
  2 ancestors
  18 plants
34 creatures vanquished.

Grand Total: 333 creatures vanquished

Notes
Turn   | Place    | Note
-------+----------+-------------------------------------------
     0 | D:1      | Newt the Deep Elf Enchanter began the quest for the Orb.
     0 | D:1      | Reached XP level 1. HP: 10/10 MP: 6/6
   248 | D:1      | Found Eniusobe's Weapon Shop.
   523 | D:1      | Reached XP level 2. HP: 15/15 MP: 8/8
   538 | D:2      | Found an ornate altar of the Wu Jian Council.
   726 | D:1      | Learned a level 2 spell: Ensorcelled Hibernation
   733 | D:2      | Noticed Robin
  1096 | D:1      | Reached XP level 3. HP: 18/19 MP: 9/9
  1938 | D:2      | Killed Robin
  2074 | D:2      | Identified the +9 sling of Melee {flame, *Corrode rPois rF+
                  | Str+3}
  2109 | D:2      | Reached XP level 4. HP: 24/24 MP: 10/10
  2301 | D:2      | Reached skill level 1 in Ranged Weapons
  2345 | D:2      | Reached skill level 2 in Ranged Weapons
  2731 | D:3      | Learned a level 3 spell: Tukima's Dance
  2922 | D:3      | Found a faded altar of an unknown god.
  3380 | D:2      | Reached skill level 3 in Ranged Weapons
  3456 | D:2      | Reached XP level 5. HP: 18/28 MP: 8/11
  3801 | D:4      | Reached skill level 5 in Ranged Weapons
  3801 | D:4      | Reached skill level 5 in Stealth
  3897 | D:4      | Reached skill level 6 in Ranged Weapons
  3897 | D:4      | Reached XP level 6. HP: 29/32 MP: 9/12
  4430 | D:5      | Entered Level 5 of the Dungeon
  4448 | D:5      | Found a hazy altar of Hepliaklqana.
  4449 | D:5      | Found a glowing golden altar of the Shining One.
  4451 | D:5      | Found a broken altar of Ashenzari.
  4453 | D:5      | Reached XP level 7. HP: 36/36 MP: 13/13
  4474 | D:5      | Became a worshipper of Hepliaklqana the Forgotten
  4838 | D:5      | Reached skill level 5 in Hexes
  4838 | D:5      | Reached skill level 1 in Ice Magic
  4956 | D:5      | Got Xaohast's Volume of Pestilence and Metal
  5071 | D:5      | Found Qaupofad's Antique Armour Shop.
  5085 | D:5      | Bought a shiny helmet for 180 gold pieces
  5382 | D:6      | Reached skill level 5 in Spellcasting
  5382 | D:6      | Reached XP level 8. HP: 41/41 MP: 17/17
  5721 | D:7      | Reached * piety under Hepliaklqana
  5739 | D:7      | Found a basalt altar of Yredelemnul.
  5963 | D:7      | Found a staircase to the Ecumenical Temple.
  5980 | D:7      | Learned a level 3 spell: Dazzling Flash
  6328 | D:7      | Reached XP level 9. HP: 40/40 MP: 8/22
  6611 | D:8      | Found Gyots's Assorted Antiques.
  6837 | D:8      | Reached skill level 1 in Fighting
  6837 | D:8      | Reached skill level 7 in Ranged Weapons
  6899 | D:8      | Found a viscous altar of Jiyva.
  6899 | D:8      | Found a transporter.
  6899 | D:8      | Found a transporter.
  6899 | D:8      | Noticed a great orb of eyes
  6899 | D:8      | Found the +10 tower shield of Ignorance {rN+ Int-4}
  7071 | D:8      | Reached skill level 8 in Ranged Weapons
  7454 | D:8      | Reached skill level 9 in Ranged Weapons
  7500 | D:8      | Found an ornate altar of the Wu Jian Council.
  7532 | D:8      | Reached ** piety under Hepliaklqana
  7533 | D:8      | Remembered your ancestor Qinisela as a knight
  7670 | D:9      | Reached skill level 10 in Ranged Weapons
  7905 | D:9      | Noticed a two-headed ogre
  7912 | D:9      | Killed a two-headed ogre
  7913 | D:9      | Reached skill level 5 in Dodging
  7913 | D:9      | Reached XP level 10. HP: 50/50 MP: 13/24
  7995 | D:9      | Noticed Maggie
  7999 | D:9      | Killed Maggie
  8115 | D:9      | Noticed Erolcha
  8138 | D:9      | Killed Erolcha
  8286 | D:9      | Found a staircase to the Orcish Mines.
  8467 | D:10     | Entered Level 10 of the Dungeon
  8491 | D:10     | Found Iluhiot's Assorted Antiques.
  8511 | D:10     | Bought a scroll labelled PAPPOMP DIDENE for 23 gold pieces
  8511 | D:10     | Bought a scroll of identify for 46 gold pieces
  8511 | D:10     | Bought a scroll of identify for 46 gold pieces
  8547 | D:10     | Reached skill level 11 in Ranged Weapons
  8681 | D:10     | Found a staircase to the Lair.
  8687 | D:10     | Noticed a manticore
  8703 | D:10     | Killed a manticore
  8704 | D:10     | Reached skill level 12 in Ranged Weapons
  8704 | D:10     | Noticed Grum
  8707 | D:10     | Reached XP level 11. HP: 54/54 MP: 23/25
  8709 | D:10     | Killed Grum
  8779 | D:10     | Noticed an orc knight
  8790 | D:10     | Killed an orc knight
  8791 | D:10     | Reached skill level 13 in Ranged Weapons
  8867 | D:10     | Noticed a catoblepas
  8890 | D:10     | HP: 1/54 [catoblepas (4)]
  9224 | D:11     | Noticed a purple ugly thing
  9230 | D:11     | Killed a purple ugly thing
  9286 | D:11     | Found a portal to a secret trove of treasure.
  9298 | D:11     | Reached skill level 14 in Ranged Weapons
  9320 | D:11     | Reached *** piety under Hepliaklqana
  9447 | D:11     | Reached skill level 15 in Ranged Weapons
  9660 | D:11     | Identified the +7 falchion of Terror {flame, Str+5}
  9696 | D:11     | Found a frozen archway.
  9770 | D:12     | Reached skill level 1 in Poison Magic
  9794 | D:12     | Reached skill level 1 in Transmutations
  9814 | D:12     | Noticed Snorg
  9875 | D:12     | Noticed a deep elf pyromancer
  9886 | D:12     | Killed a deep elf pyromancer
  9887 | D:12     | Reached skill level 16 in Ranged Weapons
  9924 | D:12     | Noticed a red ugly thing
  9930 | D:12     | Killed a red ugly thing
  9940 | D:12     | Learned a level 4 spell: Olgreb's Toxic Radiance
  9955 | D:12     | Noticed Lodul
  9986 | D:12     | Killed Lodul
  9987 | D:12     | Reached XP level 12. HP: 48/57 MP: 9/26
 10145 | D:12     | Noticed an eight-headed hydra
 10155 | D:12     | Killed an eight-headed hydra
 10290 | D:12     | Killed Snorg
 10291 | D:12     | Reached skill level 5 in Transmutations
 10291 | D:12     | Reached skill level 5 in Poison Magic
 10312 | D:12     | Learned a level 3 spell: Ignite Poison
 10419 | D:13     | Reached **** piety under Hepliaklqana
 10419 | D:13     | Found Retolise's Magic Scroll Shoppe.
 10441 | D:13     | Bought a scroll of identify for 34 gold pieces
 10441 | D:13     | Bought a scroll of identify for 34 gold pieces
 10816 | D:13     | Found Etha's Weapon Shoppe.
 11000 | D:13     | Found Dysu Ujo's Antique Weapon Boutique.
 11031 | D:13     | Found Kise's Assorted Antiques.
 11053 | D:13     | Noticed an eight-headed hydra
 11286 | D:13     | Killed an eight-headed hydra
 11344 | D:13     | Found Busouwk's Weapon Emporium.
 11491 | D:14     | Noticed a centaur warrior
 11499 | D:14     | Killed a centaur warrior
 11596 | D:14     | Noticed a centaur warrior
 11602 | D:15     | Entered Level 15 of the Dungeon
 11894 | D:14     | Noticed Azrael
 11903 | D:14     | Noticed a catoblepas
 11940 | D:14     | Killed a vault guard
 11978 | D:14     | Identified the +3 leather armour of the Eleven Planets
                  | {rElec Str+4 Dex+2}
 12030 | D:14     | Killed a centaur warrior
 12058 | D:14     | Killed from afar by Azrael

Illustrated notes

Levels and vault maps discovered:
D:1:      lemuel_arrival_river_ford, layout_basic, serial_shops,
          nicolae_shop_bloodbath_and_beyond, minivault_27, chequers_arboretum,
          corexii_leaking_fountain
D:2:      layout_rooms, basic_altar, uniq_robin
D:3:      layout_basic, chequers_ecumenical_altar_simple_redux,
          kennysheep_big_empty_room
D:4:      layout_rooms
D:5:      layout_basic, chequers_temple_overflow_statue_of_worship,
          serial_shops, shop
D:6:      layout_rooms
D:7:      layout_loops_cross, lemuel_crystal_altar, temple_fountains
D:8:      gammafunk_jiyva_shrine, layout_cave_pods,
          nicolae_wu_jian_immortal_techniques, serial_shops,
          nicolae_stop_n_shop_1
D:9:      layout_cave_pools, orc_0_dummy, uniq_erolcha, uniq_maggie
D:10:     layout_rooms, dpeg_oklobed_lair, serial_shops, shop,
          minmay_shattered_shrine, uniq_grum
D:11:     layout_roguey, enter_trove_1, portal_ice_cave_entry_pillars_1
D:12:     layout_rooms, minmay_diced_spiral, uniq_lodul, uniq_snorg
D:13:     layout_stronghold, serial_bayou, serial_bayou_lagoon_b,
          serial_bayou_pond_e, serial_bayou_pond_b, serial_bayou_pond_d,
          serial_shops, kennysheep_little_box, nicolae_shop_trees, shop, shop,
          nicolae_square_shop
D:14:     layout_rooms, ximxim_vaults_locker_room, uniq_azrael
D:15:     gammafunk_enter_depths_forms, layout_long_grid, hex_tiny

Skill      XL: |  1  2  3  4  5  6  7  8  9 10 11 12 |
---------------+-------------------------------------+-----
Stealth        | 4 5 7 8 |  8.2
Short Blades   | 2 |  2.0
Ranged Weapons | 3 6 10 12 16 | 16.0
Spellcasting   | 5 7 8 9 |  9.2
Hexes          | 5 7 8 |  8.1
Ice Magic      | 2 4 |  4.9
Fighting       | 3 |  3.2
Dodging        | 5 9 |  9.1
Poison Magic   | 4 6 |  6.5
Transmutations | 4 6 |  6.5
Shields        | 4 |  4.7
Axes           | |  0.2
Maces & Flails | |  0.1
Polearms       | |  0.1
Staves         | |  0.1
Throwing       | |  0.1
Unarmed Combat | |  0.1
Conjurations   | |  0.2
Summonings     | |  0.2
Necromancy     | |  0.4
Translocations | |  0.2
Fire Magic     | |  0.2
Air Magic      | |  0.1
Earth Magic    | |  0.2
Invocations    | |  0.3
Evocations     | |  0.4

Action                   |  1- 3 |  4- 6 |  7- 9 | 10-12 || total
-------------------------+-------+-------+-------+-------++-------
Melee: Dagger            |   108 |       |       |       ||   108
       Sling             |       |       |     1 |       ||     1
 Fire: Sling             |    10 |   110 |   216 |   463 ||   799
 Cast: Ensorcelled Hiber |    11 |     3 |    10 |    10 ||    34
       Tukima's Dance    |       |     2 |    21 |    27 ||    50
       Olgreb's Toxic Ra |       |       |       |     1 ||     1
       Dazzling Flash    |       |       |       |     1 ||     1
Invok: Ancestor Life: Kn |       |       |     1 |       ||     1
       Recall Ancestor   |       |       |       |     2 ||     2
Evoke: Wand              |       |       |       |     1 ||     1
  Use: Scroll            |     5 |     5 |    10 |    13 ||    33
       Potion            |     1 |     2 |     3 |     5 ||    11
 Stab: Sleeping          |    13 |       |       |       ||    13
       Invisible         |     1 |       |       |       ||     1
Armor: Leather armour    |    28 |     3 |    21 |     3 ||    55
       Robe              |     2 |       |       |       ||     2
       Troll leather arm |       |       |       |    11 ||    11
Dodge: Dodged            |    82 |    25 |    63 |   116 ||   286
Block: Buckler           |       |       |       |     9 ||     9

Table legend: (Time is in decaauts)
 A = Elapsed time spent in this place.
 B = Non-inter-level travel time spent in this place.
 C = Inter-level travel time spent in this place.
 D = Time resting spent in this place.
 E = Time spent auto-exploring this place.
 F = Levels seen in this place.
 G = Mean time per level.
                   A        B        C        D        E       F      G
               +--------+--------+--------+--------+--------+-----+--------+
         Total |  11992 |  11571 |    421 |   2215 |   7336 |  15 |  799.5 |
       Dungeon |  11992 |  11571 |    421 |   2215 |   7336 |  15 |  799.5 |
               +--------+--------+--------+--------+--------+-----+--------+

Top non-repeatable levels by time:
     D:1: 2014 daAuts
     D:8: 1043 daAuts
     D:3: 1018 daAuts
    D:13: 941 daAuts
     D:7: 935 daAuts
     D:5: 838 daAuts
     D:9: 814 daAuts
     D:2: 781 daAuts
    D:11: 734 daAuts
     D:4: 647 daAuts
    D:12: 626 daAuts
    D:10: 513 daAuts
     D:6: 421 daAuts
    D:14: 388 daAuts
    D:15: 273 daAuts
